 Dungeon Sprint DCSS version 0.27-a0-1365-ge71e8f7681 (webtiles) character file.

Game seed: 14390716905474551666

8997 Conn the Scorcher (level 11, -1/64 HPs)
             Began as an Octopode Fire Elementalist on June 28, 2021.
             Was the Champion of Sif Muna.
             Slain by a 12-headed hydra (7 damage)
             ... in the Dungeon (Sprint I: "Red Sonja").
             The game lasted 00:26:38 (2917 turns).

Conn the Scorcher (Octopode Fire Elementalist)      Turns: 2917, Time: 00:26:43

Health: -1/64      AC:  1    Str:  8    XL:     11   Next: 39%
Magic:  27/37      EV: 14    Int: 21    God:    Sif Muna [******]
Gold:   177        SH:  8    Dex:  9    Spells: 10/37 levels left

rFire    + + .     SeeInvis .   i - +0 short sword (distort)
rCold    + + .     Faith    .   k - +5 buckler of Words of Power {rPois rC+}
rNeg     . . .     Spirit   .   (helmet restricted)
rPois    +         Reflect  .   (no amulet)
rElec    .         Harm     .   m - ring of magical power
rCorr    +         Rampage  .   n - ring of Ogirch {Fly rF+ rC++ rCorr Dex-3}
Will     .....     NoTele   +   o - ring of fire
Stlth    ++++......             (no ring)
HPRegen  0.20/turn              (no ring)
MPRegen  0.25/turn              (no ring)
                                (no ring)
                                (no ring)

@: flying
A: almost no armour, amphibious, 8 rings, camouflage 1, gelatinous body 1,
(nimble swimmer 1), tentacles
a: Renounce Religion, Channel Magic, Forget Spell, Divine Exegesis


You were in the Dungeon.
You worshipped Sif Muna.
Sif Muna was exalted by your worship.
You visited 1 branch You collected 1418 gold pieces.
You spent 1241 gold pieces at shops.

Inventory:

Hand Weapons
 i - a +0 short sword of distortion (weapon)
 l - the +7 great mace "Firestarter" {inner flame, rF++}
   (You found it in the Dungeon)

   It has been specially enchanted to burn those struck by it, causing extra
   injury to most foes and up to half again as much damage against particularly
   susceptible opponents.
   rF:        It greatly protects you from fire.
Missiles
 h - 4 curare-tipped darts (quivered)
Armour
 k - the +5 buckler of Words of Power (worn) {rPois rC+}
   (You found it in the Dungeon)

   rC:        It protects you from cold.
   rPois:     It protects you from poison.
Jewellery
 m - a ring of magical power (left tentacle)
 n - the ring of Ogirch (right tentacle) {Fly rF+ rC++ rCorr Dex-3}
   (You bought it in a shop in the Dungeon)

   [ring of flight]

   Dex:       It affects your dexterity (-3).
   rF:        It protects you from fire.
   rC:        It greatly protects you from cold.
   Fly:       It grants you flight.
   rCorr:     It protects you from acid and corrosion.
 o - a ring of fire (on tentacle)
Scrolls
 g - 2 scrolls of identify
Potions
 a - 3 potions of curing
 b - a potion of heal wounds
 c - a potion of invisibility {unknown}
 e - a potion of attraction
 j - 2 potions of degeneration {unknown}


   Skills:
 + Level 1.7 Fighting
 + Level 1.9 Short Blades
 + Level 1.5 Throwing
 + Level 6.3 Dodging
 + Level 7.6 Stealth
 + Level 1.1 Shields
 * Level 13.6 Spellcasting
 * Level 10.7 Conjurations
 * Level 17.8 Fire Magic
 * Level 1.3 Earth Magic


You had 10 spell levels left.
You knew the following spells:

 Your Spells              Type           Power      Damage    Failure   Level
a - Foxfire               Conj/Fire      100%       2x1d9     1%          1
b - Conjure Flame         Conj/Fire      84%        6-21      1%          3
c - Inner Flame           Hex/Fire       67%        N/A       1%          3
d - Sticky Flame          Conj/Fire      84%        2d10      1%          4
e - Fireball              Conj/Fire      42%        3d17      1%          5
f - Bolt of Magma         Conj/Fire/Erth 35%        4d15      3%          5
g - Iron Shot             Conj/Erth      19%        9d4       63%         6

Your spell library contained the following spells:

 Spells                   Type           Power      Damage    Failure   Level
 Magic Dart               Conj           100%       1d8       1%          1
 Static Discharge         Conj/Air       36%        N/A       1%          2
 Ignite Poison            Fire/Tmut/Pois 56%        N/A       1%          3
 Iskenderun's Battlesphe  Conj           56%        2d11      2%          5
 Sting                    Tmut/Pois      56%        1d5       7%          1
 Sublimation of Blood     Necr           7%         N/A       10%         2
 Irradiate                Conj/Tmut      18%        3d19      21%         5
 Petrify                  Tmut/Erth      17%        N/A       45%         4
 Alistair's Intoxication  Tmut/Pois      9%         N/A       88%         5
 Yara's Violent Unravell  Hex/Tmut       7%         3d5       88%         5
 Eringya's Noxious Bog    Tmut/Pois      7%         N/A       100%        6
 Dragon Form              Tmut           7%         N/A       100%        7
 Lehudib's Crystal Spear  Conj/Erth      19%        10d6      100%        8
 Fire Storm               Conj/Fire      42%        8d11      100%        9


Dungeon Overview and Level Annotations

Branches:
Dungeon (1/1)

Altars:
Cheibriados
Dithmenos
Elyvilon
Fedhas
Gozag
Hepliaklqana
Kikubaaqudgha
Makhleb
Nemelex Xobeh
Okawaru
Qazlal
Ru
Sif Muna
Trog
Uskayaw
Vehumet
Wu Jian
Xom
Yredelemnul
Zin
The Shining One
Jiyva
Lugonu

Shops:
D !!??[(![?*[?![=[?


Innate Abilities, Weirdness & Mutations

You cannot wear most types of armour.
You are amphibious.
You can wear up to eight rings at the same time.
Your skin changes colour to match your surroundings (Stealth+).
Your rubbery body absorbs attacks. (AC +1, EV +1)
((You are camouflaged near water. (Stealth+)))
You have tentacles for arms and can constrict up to eight enemies at once.


Message History

Aiming: Fireball (dangerous; 1% risk of failure)
Press: ? - help, Shift-Dir - straight line, f - 12-headed hydra
Aim: a 12-headed hydra (purple smoke)
Okay, then.
Casting: Fireball (dangerous; 1% risk of failure)
Confirm with . or Enter, or press ? or * to list all spells.
Aiming: Bolt of Magma (dangerous; 3% risk of failure)
Press: ? - help, Shift-Dir - straight line, f - floating eye
Aim: a floating eye (purple smoke, 100% to hit)
You feel a surge of power!
The bolt of magma hits the 12-headed hydra!!
The 12-headed hydra is heavily wounded.
The bolt of magma hits the floating eye!!
You kill the floating eye!
Sif Muna accepts your kill. The 12-headed hydra bites you!
You block the 12-headed hydra's attack. The 12-headed hydra closely misses you.
The 12-headed hydra bites you! The 12-headed hydra bites you.
The 12-headed hydra bites you! The 12-headed hydra barely misses you.
The 12-headed hydra bites you!
* * * LOW HITPOINT WARNING * * *
The 12-headed hydra bites you.
* * * LOW HITPOINT WARNING * * *
The 12-headed hydra misses you. The 12-headed hydra bites you!
* * * LOW HITPOINT WARNING * * *
The 12-headed hydra misses you.
Casting: Bolt of Magma (dangerous; 3% risk of failure)
Confirm with . or Enter, or press ? or * to list all spells.
Okay, then.
Unknown command.
Unknown command.
Casting: Bolt of Magma (dangerous; 3% risk of failure)
Confirm with . or Enter, or press ? or * to list all spells.
Aiming: Bolt of Magma (dangerous; 3% risk of failure)
Press: ? - help, Shift-Dir - straight line, f - 12-headed hydra
Aim: a 12-headed hydra (purple smoke, heavily wounded, 90% to hit)
You feel a surge of power!
The bolt of magma hits the 12-headed hydra!!!
The 12-headed hydra is almost dead.
The 12-headed hydra barely misses you. The 12-headed hydra bites you!
You die...

##########################
#..)...#.[#§.§.§§§§...'.$#
'..#.)†##§#§####@D§§§##$.+
####..§'..#§# ##§§§## ##
#§§#####.§'†# ###+#
§§§#..##+#### §§§§..#
§.§#..# #####'###
..###.'.# ###[###.#


You could see a 12-headed hydra.

Vanquished Creatures
  2 centaur warriors (D)
  Sonja (D)
  A deep troll (D)
  A lindwurm (D)
  An oklob plant (D)
  2 unseen horrors (D)
  2 kobold demonologists (D)
  3 demonic crawlers (D)
  A hornet (D)
  A slime creature (D)
  Sigmund (D)
  2 redbacks (D)
  A yak (D)
  13 hogs (D)
  3 floating eyes (D)
  An ogre (D)
  6 necrophages (D)
  8 jellies (D)
  Ijyb (D)
  2 ballistomycete spores (D)
53 creatures vanquished.

Vanquished Creatures (others)
  A gargoyle (D)
  41 foxfires (D)
42 creatures vanquished.

Grand Total: 95 creatures vanquished

Notes
Turn   | Place    | Note
-------+----------+-------------------------------------------
     0 | D        | Conn the Octopode Fire Elementalist began the quest for the
                  | Orb.
     0 | D        | Reached XP level 1. HP: 11/11 MP: 3/3
     2 | D        | Noticed Ijyb
    11 | D        | Killed Ijyb
    12 | D        | Reached skill level 5 in Fire Magic
    12 | D        | Reached XP level 2. HP: 16/17 MP: 3/6
    12 | D        | Reached XP level 3. HP: 20/21 MP: 3/7
   107 | D        | Learned a level 3 spell: Conjure Flame
   111 | D        | Learned a level 3 spell: Inner Flame
   111 | D        | Noticed an ogre
   132 | D        | Killed an ogre
   133 | D        | Reached skill level 7 in Fire Magic
   133 | D        | Reached XP level 4. HP: 27/27 MP: 6/10
   164 | D        | Learned a level 4 spell: Sticky Flame
   166 | D        | Noticed Sigmund
   183 | D        | Killed Sigmund
   184 | D        | Reached skill level 10 in Fire Magic
   184 | D        | Reached XP level 5. HP: 28/31 MP: 2/13
   184 | D        | Reached XP level 6. HP: 33/36 MP: 2/15
   292 | D        | Found a shimmering blue altar of Sif Muna.
   293 | D        | Found an ornate altar of the Wu Jian Council.
   294 | D        | Found a radiant altar of Vehumet.
   298 | D        | Became a worshipper of Sif Muna the Loreminder
   342 | D        | Found Lytan's Distillery.
   342 | D        | Found an ancient bone altar of Kikubaaqudgha.
   342 | D        | Found a hazy altar of Hepliaklqana.
   342 | D        | Found a stormy altar of Qazlal.
   342 | D        | Found a hide-covered altar of Uskayaw.
   342 | D        | Found a blossoming altar of Fedhas.
   342 | D        | Found a bloodstained altar of Trog.
   342 | D        | Found an iron altar of Okawaru.
   342 | D        | Found a basalt altar of Yredelemnul.
   342 | D        | Found a glowing golden altar of the Shining One.
   342 | D        | Found a snail-covered altar of Cheibriados.
   342 | D        | Found a sacrificial altar of Ru.
   342 | D        | Found a glowing silver altar of Zin.
   342 | D        | Found a shadowy altar of Dithmenos.
   342 | D        | Found a white marble altar of Elyvilon.
   342 | D        | Noticed a yak
   343 | D        | Found an opulent altar of Gozag.
   352 | D        | Killed a yak
   353 | D        | Reached skill level 5 in Stealth
   353 | D        | Reached skill level 11 in Fire Magic
   353 | D        | Reached XP level 7. HP: 41/41 MP: 8/17
   360 | D        | Found a sparkling altar of Nemelex Xobeh.
   424 | D        | Learned a level 5 spell: Fireball
   424 | D        | Noticed Sonja
   426 | D        | Killed Sonja
   426 | D        | Reached * piety under Sif Muna
   427 | D        | Reached skill level 13 in Fire Magic
   427 | D        | Reached XP level 8. HP: 24/46 MP: 7/20
   729 | D        | Found Qapripri's Distillery.
   749 | D        | Noticed a deep troll
   765 | D        | Killed a deep troll
   766 | D        | Reached skill level 5 in Dodging
   796 | D        | Found Otiqog's Armour Emporium.
   896 | D        | Found a burning altar of Makhleb.
   896 | D        | Found a viscous altar of Jiyva.
   896 | D        | Found a shimmering altar of Xom.
   896 | D        | Found a corrupted altar of Lugonu.
   896 | D        | Noticed a slime creature
   916 | D        | Killed a slime creature
   917 | D        | Reached skill level 5 in Conjurations
   917 | D        | Reached skill level 14 in Fire Magic
   917 | D        | Reached XP level 9. HP: 45/51 MP: 14/22
   972 | D        | Noticed a kobold demonologist
   973 | D        | Reached ** piety under Sif Muna
   973 | D        | Noticed a kobold demonologist
   974 | D        | Reached skill level 10 in Spellcasting
   974 | D        | Killed a kobold demonologist
   975 | D        | Killed a kobold demonologist
   976 | D        | Reached skill level 15 in Fire Magic
  1043 | D        | Killed a centaur warrior
  1044 | D        | Reached skill level 1 in Throwing
  1044 | D        | Killed a centaur warrior
  1044 | D        | Reached *** piety under Sif Muna
  1045 | D        | Reached skill level 16 in Fire Magic
  1045 | D        | Reached XP level 10. HP: 56/56 MP: 3/25
  1229 | D        | Noticed an oklob plant
  1233 | D        | Killed an oklob plant
  1366 | D        | Reached **** piety under Sif Muna
  1438 | D        | Killed a gargoyle
  1442 | D        | Killed an unseen horror
  1444 | D        | Killed an unseen horror
  1524 | D        | Reached ***** piety under Sif Muna
  1524 | D        | Received a gift from Sif Muna
  1539 | D        | Reached skill level 17 in Fire Magic
  1583 | D        | Received a gift from Sif Muna
  1584 | D        | Got Haczutz's Incunabulum of Confrontation and
                  | Transmutation {god gift}
  1716 | D        | Found the +7 great mace "Firestarter" {inner flame, rF++}
  1719 | D        | Identified the +5 buckler of Words of Power {rPois rC+}
  1736 | D        | Found Kerro's Magic Scroll Shoppe.
  1736 | D        | Found Xoitsix's Magic Scroll Shop.
  1736 | D        | Found Xageog's Armour Boutique.
  1738 | D        | Found Ufiraunn's Weapon Emporium.
  1738 | D        | Found Hainn's Distillery.
  1738 | D        | Found Vaotoawi's Antique Armour Shoppe.
  1738 | D        | Found Soohe's Magic Scroll Boutique.
  1738 | D        | Found Enih's General Store.
  1738 | D        | Found Etyrchuje's Armour Shop.
  1738 | D        | Found Piagir's Magic Scroll Shoppe.
  1742 | D        | Found Baigoluc's Distillery.
  1743 | D        | Found Soabiah's Jewellery Emporium.
  1743 | D        | Found Tiuvawk's Antique Armour Boutique.
  1744 | D        | Found Vaihov's Magic Scroll Emporium.
  1758 | D        | Bought a ring of magical power for 280 gold pieces
  1759 | D        | Bought a scroll of blinking for 82 gold pieces
  1800 | D        | Bought the ring of Ogirch {Fly rF+ rC++ rCorr Dex-3} for
                  | 579 gold pieces
  1800 | D        | Bought a ring of fire for 300 gold pieces
  1918 | D        | Reached skill level 1 in Short Blades
  1918 | D        | Reached XP level 11. HP: 16/62 MP: 2/27
  2192 | D        | Noticed a lindwurm
  2200 | D        | Killed a lindwurm
  2201 | D        | Reached skill level 1 in Fighting
  2201 | D        | Reached skill level 10 in Conjurations
  2741 | D        | Received a gift from Sif Muna
  2742 | D        | Got Sif Muna's Incunabulum of Shifting Stones {god gift}
  2749 | D        | Learned a level 5 spell: Bolt of Magma
  2756 | D        | Learned a level 6 spell: Iron Shot
  2794 | D        | Reached skill level 1 in Shields
  2834 | D        | Reached skill level 1 in Earth Magic
  2852 | D        | Reached ****** piety under Sif Muna
  2910 | D        | Noticed a 12-headed hydra
  2917 | D        | Slain by a 12-headed hydra

Illustrated notes

Levels and vault maps discovered:
D:        dungeon_sprint_1 [red_sonja_temple_1, red_sonja_temple_small_1]

Skill      XL: |  1  2  3  4  5  6  7  8  9 10 11 |
---------------+----------------------------------+-----
Stealth        | 3 4 5 6 7 |  7.6
Spellcasting   | 3 4 6 7 8 9 11 12 13 | 13.6
Fire Magic     | 5 7 10 11 13 14 16 17 | 17.8
Dodging        | 3 4 5 6 |  6.3
Conjurations   | 2 4 5 7 9 10 | 10.7
Throwing       | 1 |  1.5
Short Blades   | 1 |  1.9
Fighting       | 1 |  1.7
Shields        | 1 |  1.1
Earth Magic    | 1 |  1.3

Action                   |  1- 3 |  4- 6 |  7- 9 | 10-12 || total
-------------------------+-------+-------+-------+-------++-------
Melee: Unarmed           |     4 |       |       |       ||     4
       Constrict         |     1 |       |       |     6 ||     7
       Short sword       |       |       |     1 |    18 ||    19
       Tentacles         |       |       |       |     1 ||     1
Throw: Dart              |       |       |     3 |       ||     3
 Cast: Foxfire           |     8 |     7 |     4 |     4 ||    23
       Conjure Flame     |     1 |     1 |     1 |       ||     3
       Sticky Flame      |       |     3 |     1 |    15 ||    19
       Fireball          |       |       |    12 |    34 ||    46
       Bolt of Magma     |       |       |       |     2 ||     2
  Use: Potion            |     2 |       |       |     4 ||     6
       Scroll            |       |       |     1 |     2 ||     3
Armor: Skin              |       |       |       |     1 ||     1
Dodge: Dodged            |     1 |     3 |     1 |    26 ||    31
Block: Buckler           |       |       |       |    12 ||    12

Table legend: (Time is in decaauts)
 A = Elapsed time spent in this place.
 B = Non-inter-level travel time spent in this place.
 C = Inter-level travel time spent in this place.
 D = Time resting spent in this place.
 E = Time spent auto-exploring this place.
 F = Levels seen in this place.
 G = Mean time per level.
                   A        B        C        D        E       F      G
               +--------+--------+--------+--------+--------+-----+--------+
         Total |   2921 |   2921 |      0 |   1980 |      0 |   1 | 2921.0 |
       Dungeon |   2921 |   2921 |      0 |   1980 |      0 |   1 | 2921.0 |
               +--------+--------+--------+--------+--------+-----+--------+

Top non-repeatable levels by time:
       D: 2921 daAuts
